 Dungeon Crawl Stone Soup version 0.31-a0-1499-ge0622b2318 (webtiles) character file.

Game seed: 4149081607487100103

1407 Atlas the Firebug (level 8, 0/53 HPs)
             Began as a Demonspawn Fire Elementalist on Dec 30, 2023.
             Slain by a komodo dragon (28 damage)
             ... on level 5 of the Dungeon.
             The game lasted 00:08:11 (4868 turns).

Atlas the Firebug (Demonspawn Fire Elementalist)    Turns: 4868, Time: 00:08:12

Health: 0/53       AC:  6    Str:  8    XL:     8   Next: 42%
Magic:  0/17       EV: 12    Int: 19    God:
Gold:   145        SH:  0    Dex: 13    Spells: 17/20 levels left

rFire   + . .        s - +2 trident (venom)
rCold   x . .        (no shield)
rNeg    . . .        t - +2 animal skin
rPois   .            (no helmet)
rElec   .            (no cloak)
rCorr   .            (no gloves)
SInv    .            (no boots)
Will    +....        (no amulet)
Stlth   ++           p - ring of fire
HPRegen 0.28/turn    n - ring of willpower
MPRegen 0.30/turn

%: guardian spirit
@: studying Stealth
A: icy blue scales 1, magic shield, magic regeneration, demonic touch 1
a: no special abilities


You were on level 5 of the Dungeon.
You visited 1 branch of the dungeon, and saw 5 of its levels.

You collected 145 gold pieces.

Inventory:

Hand Weapons
 s - a +2 trident of venom (weapon)
Missiles
 d - a throwing net
Armour
 t - a +2 animal skin (worn)
Jewellery
 i - a +5 ring of evasion
 j - an amulet of regeneration
 l - a ring of resist corrosion
 n - a ring of willpower (right hand)
 p - a ring of fire (left hand)
Wands
 q - a wand of paralysis (14)
Scrolls
 c - 2 scrolls of blinking {unknown}
 f - 3 scrolls of identify {unknown}
 g - a scroll of noise {unknown}
 h - a scroll of enchant armour {unknown}
 k - 2 scrolls of teleportation {unknown}
Potions
 a - 5 potions of brilliance {unknown}
 b - 2 potions of magic
 e - a potion of enlightenment {unknown}
 m - 3 potions of degeneration {unknown}
 o - a potion of cancellation {unknown}
 r - a potion of berserk rage {unknown}


   Skills:
 + Level 0.6 Fighting
 + Level 0.1 Axes
 + Level 0.2 Armour
 + Level 2.1 Dodging
 + Level 1.9 Stealth
 + Level 6.5 Spellcasting
 + Level 3.0 Conjurations
 + Level 6.9 Fire Magic


You had 17 spell levels left.
You knew the following spells:

 Your Spells              Type           Power      Damage    Failure   Level
a - Scorch                Fire           96%        2d9       1%          2
b - Foxfire               Conj/Fire      100%       2x1d9     1%          1

Your spell library contained the following spells:

 Spells                   Type           Power      Damage    Failure   Level
 Inner Flame              Hex/Fire       29%        N/A       8%          3
 Volatile Blastmotes      Fire/Tloc      58%        2d14      8%          3
 Flame Wave               Conj/Fire      37%        2d10      14%         4
 Dazzling Flash           Conj/Hex       24%        N/A       17%         3
 Starburst                Conj/Fire      18%        6d7       91%         6
 Maxwell's Capacitive Co  Air            3%         ∞         100%        8


Dungeon Overview and Level Annotations

Branches:
Dungeon (5/15)
 Temple: D:4-7

Altars:
Hepliaklqana


Innate Abilities, Weirdness & Mutations

You are partially covered in icy blue scales. (AC +2)
When hurt, damage is shared between your health and your magic reserves.
You regenerate magic rapidly.
Your touch may inflict minor irresistible damage on your foes.


Message History

Flames lash the bombardier beetle but do no damage.
Casting: Scorch (safe; 1% risk of failure)
Confirm with . or Enter, or press ? or * to list all spells.
You feel a surge of power!
Flames lash the bombardier beetle.
The bombardier beetle is burned terribly!
The bombardier beetle is almost dead.
Casting: Scorch (safe; 1% risk of failure)
Confirm with . or Enter, or press ? or * to list all spells.
You feel a surge of power!
Flames lash the bombardier beetle.
The bombardier beetle is burned terribly!
You kill the bombardier beetle!
Casting: Scorch (safe; 1% risk of failure)
Confirm with . or Enter, or press ? or * to list all spells.
You feel a surge of power!
Flames lash the komodo dragon.
The komodo dragon is lightly wounded.
The komodo dragon's fire resistance burns away.
You feel a surge of power!
You conjure some foxfire!
The komodo dragon misses you.
You barely miss the komodo dragon. Your touch misses the komodo dragon.
The komodo dragon is lightly wounded.
The foxfire hits the komodo dragon.
The komodo dragon is burned terribly!
The komodo dragon is lightly wounded.
The foxfire hits the komodo dragon.
The komodo dragon is burned terribly!
The komodo dragon is moderately wounded.
The komodo dragon bites you.
Casting: Foxfire (safe; 1% risk of failure)
Confirm with . or Enter, or press ? or * to list all spells.
You feel a surge of power!
Flames lash the komodo dragon.
The komodo dragon is burned terribly!
The komodo dragon is heavily wounded.
The komodo dragon bites you!!
Unknown command.
Casting: Scorch (safe; 1% risk of failure)
Confirm with . or Enter, or press ? or * to list all spells.
You feel a surge of power!
Flames lash the komodo dragon.
The komodo dragon is burned terribly!
The komodo dragon is severely wounded.
The komodo dragon bites you!!
Ouch! That really hurt!
You die...

##........# #.# #..
##........# #.. #...#
#......##.### #.. #....#
##.#...###...##..#
..#..###.##..###.......#
###......#..#...##...#...##
##>.#............##..##.l..#
.......#............## .....#
#.....##..<.##.<@l.#......#..#
#....###....###..........## ..
#.(..# ##................# .
#....####...............##
#.....##..........#.....#
#.....##........####...##
#.....##......### ##...
..<..........## ...
#####........#


You could see a komodo dragon (combustible).

Vanquished Creatures
  A kobold demonologist (D:5)
  Grinder (D:5)
  Sigmund (D:3)
  Eustachio (D:4)
  An ogre (D:4)
  A phantom (D:4)
  A gnoll sergeant (D:5)
  A scorpion (D:4)
  2 jellies (D:5)
  A bombardier beetle (D:5)
  3 hounds
  A sleepcap (D:5)
  An iguana (D:5)
  Robin (D:4)
  3 gnolls (D:5)
  4 adders
  5 ribbon worms
  A white imp (D:5)
  3 dart slugs
  8 orcs
  2 endoplasms
  16 goblins
  5 hobgoblins
  2 jackals (D:5)
  3 quokkas
  5 ball pythons
  11 bats
  12 kobolds
  4 rats (D:1)
101 creatures vanquished.

Vanquished Creatures (others)
  268 foxfires
268 creatures vanquished.

Grand Total: 369 creatures vanquished

Notes
Turn   | Place    | Note
-------+----------+-------------------------------------------
     0 | D:1      | Atlas the Demonspawn Fire Elementalist began the quest for
                  | the Orb.
     0 | D:1      | Reached XP level 1. HP: 13/13 MP: 3/3
   305 | D:1      | Gained mutation: Your touch may inflict minor irresistible
                  | damage on your foes. [demonic ancestry]
   305 | D:1      | Reached XP level 2. HP: 19/19 MP: 3/5
  1320 | D:2      | Gained mutation: You regenerate magic rapidly. [demonic
                  | ancestry]
  1320 | D:2      | Reached XP level 3. HP: 19/24 MP: 4/6
  1345 | D:2      | Learned a level 2 spell: Scorch
  1879 | D:2      | Reached XP level 4. HP: 30/30 MP: 3/8
  2471 | D:3      | Found a faded altar of an unknown god.
  2734 | D:3      | Noticed Sigmund
  2739 | D:3      | Killed Sigmund
  2740 | D:3      | Gained mutation: You are partially covered in icy blue
                  | scales. (AC +2) [demonic ancestry]
  2740 | D:3      | Reached XP level 5. HP: 35/35 MP: 2/11
  2784 | D:3      | Reached XP level 6. HP: 41/41 MP: 8/12
  3406 | D:4      | Noticed Eustachio
  3544 | D:4      | Killed Eustachio
  3545 | D:4      | Reached skill level 5 in Fire Magic
  3603 | D:4      | Found a hazy altar of Hepliaklqana.
  3621 | D:4      | Reached skill level 5 in Spellcasting
  3621 | D:4      | Gained mutation: When hurt, damage is shared between your
                  | health and your magic reserves. [demonic ancestry]
  3621 | D:4      | Reached XP level 7. HP: 46/46 MP: 12/14
  3840 | D:4      | Noticed Robin
  3845 | D:4      | Killed Robin
  4025 | D:5      | Entered Level 5 of the Dungeon
  4136 | D:5      | Noticed a kobold demonologist
  4140 | D:5      | Noticed Grinder
  4143 | D:5      | Killed a kobold demonologist
  4144 | D:5      | Reached XP level 8. HP: 53/53 MP: 9/17
  4152 | D:5      | Killed Grinder
  4852 | D:5      | Noticed a komodo dragon
  4868 | D:5      | Slain by a komodo dragon

Illustrated notes

Levels and vault maps discovered:
D:1:      hellmonk_arrival_library, layout_basic
D:2:      layout_basic, basic_altar, hangedman_decor_growths
D:3:      layout_loops_corners, basic_ecumenical_altar, uniq_sigmund
D:4:      layout_rooms, old_standard_altar, glass_columns_a, minivault_25,
          hangedman_abyss_or_decor_stagger, uniq_eustachio, uniq_robin
D:5:      layout_layer_cave, serial_shops, nicolae_shop_bloodbath_and_beyond,
          uniq_grinder

Skill      XL: |  1  2  3  4  5  6  7  8 |
---------------+-------------------------+-----
Fire Magic     | 3 4 5 6 |  6.9
Spellcasting   | 4 5 6 |  6.5
Dodging        | 2 |  2.1
Conjurations   | 2 3 |  3.0
Fighting       | |  0.6
Axes           | |  0.1
Armour         | |  0.2
Stealth        | |  1.9

Action                     |  1- 3 |  4- 6 |  7- 9 || total
---------------------------+-------+-------+-------++-------
  Melee: Hand axe          |    14 |       |     1 ||    15
         Touch             |     4 |       |       ||     4
         Trident           |       |       |     2 ||     2
   Cast: Foxfire           |    88 |    14 |    58 ||   160
         Scorch            |    10 |    38 |    33 ||    81
 Armour: Robe              |    17 |    12 |       ||    29
         Leather armour    |       |     2 |     4 ||     6
         Animal skin       |       |       |    11 ||    11
  Dodge: Dodged            |    32 |    18 |    10 ||    60

Table legend: (Time is in decaauts)
 A = Elapsed time spent in this place.
 B = Non-inter-level travel time spent in this place.
 C = Inter-level travel time spent in this place.
 D = Time resting spent in this place.
 E = Time spent auto-exploring this place.
 F = Levels seen in this place.
 G = Mean time per level.
                   A        B        C        D        E       F      G
               +--------+--------+--------+--------+--------+-----+--------+
         Total |   4870 |   4644 |    226 |    112 |   3923 |   5 |  974.0 |
       Dungeon |   4870 |   4644 |    226 |    112 |   3923 |   5 |  974.0 |
               +--------+--------+--------+--------+--------+-----+--------+

Top non-repeatable levels by time:
     D:2: 1173 daAuts
     D:1: 1172 daAuts
     D:3: 1130 daAuts
     D:5: 843 daAuts
     D:4: 550 daAuts
